Map: Ulrena

Players

KimIrSen

  • Race: Protoss Protoss
  • League: Silver

capac - Winner!

  • Race: Terran Terran
  • League: Gold

VOD

Have the link to the VOD?

Description

Time

  • Played on: April 30, 2016, 4:36 a.m.
  • Length: 9:34
Show
View Real Time Build Order
Export as new Build Order

KimIrSen Protoss 

Build Orders:  

Get SALT Encoding   

  12  0:01  Probe (Chrono Boost)  
  13  0:11  Probe (Chrono Boost)  
  14  0:19  Pylon  
  14  0:34  Probe (Chrono Boost)  
  15  0:37  Gateway  
  15  0:44  Probe (Chrono Boost)  
  16  0:55  Probe (Chrono Boost)  
  17  0:57  Gateway  
  17  1:07  Assimilator  
  17  1:19  Assimilator  
  17  1:21  Probe (Chrono Boost)  
  18  1:28  Cybernetics Core  
  18  1:31  Pylon  
  18  1:48  Zealot x2  
  22  1:59  Probe (Chrono Boost)  
  23  2:08  Assimilator  
  23  2:34  Probe (Chrono Boost)  
  24  2:38  Nexus  
  24  2:39  Zealot  
  26  2:44  Probe (Chrono Boost)  
  26  2:51  Stalker  
  29  2:55  Mothership Core (Chrono Boost)  
  31  3:20  Pylon  
  31  3:37  Pylon  
  31  3:38  Probe (Chrono Boost), Stalker x2  
  31  3:39  Forge  
  36  4:04  Robotics Facility  
  36  4:10  Probe (Chrono Boost)  
  36  4:15  Twilight Council  
  37  4:18  Stalker  
  37  4:21  Probe (Chrono Boost)  
  37  4:22  Stalker  
  42  4:31  Probe (Chrono Boost)  
  42  4:32  Probe (Chrono Boost)  
  42  4:33  Protoss Ground Weapons Level 1 (Chrono Boost)  
  44  4:42  Probe  
  45  4:50  Stalker  
  47  4:53  Probe  
  48  5:03  Probe x2  
  48  5:05  Assimilator  
  50  5:14  Stalker  
  50  5:16  Probe  
  53  5:21  Stalker  
  53  5:27  Probe  
  56  5:39  Robotics Bay  
  56  5:53  Blink (Chrono Boost)  
  56  5:58  Stalker  
  56  6:03  Assimilator  
  58  6:04  Probe  
  58  6:05  Probe  
  58  6:10  Protoss Ground Armor Level 1  
  60  6:11  Pylon  
  60  6:12  Stalker  
  60  6:14  Pylon  
  62  6:29  Probe  
  63  6:35  Disruptor  
  66  6:49  Stalker x2  
  70  7:04  Probe  
  71  7:12  Gateway  
  71  7:16  Probe  
  71  7:19  Stalker x2  
  71  7:22  Nexus  
  76  7:30  Pylon  
  76  7:32  Pylon  
  76  7:34  Assimilator  
  76  7:36  Assimilator  
  76  7:48  Stalker  
  76  7:49  Stalker  
  80  7:52  Disruptor (Chrono Boost)  
  83  8:05  Stalker  
  85  8:24  Stargate  
  85  8:25  Stargate  
  85  8:30  Pylon  
  85  8:38  Stalker x3  
  91  8:44  Probe  
  92  8:54  Probe  
Show
View Real Time Build Order
Export as new Build Order

capac Terran - Winner!

Build Orders: MMM Bio 

Get SALT Encoding   

  12  0:01  SCV  
  13  0:13  SCV  
  14  0:18  Supply Depot  
  14  0:25  SCV  
  15  0:40  SCV  
  15  0:42  Barracks  
  16  0:45  Refinery  
  16  1:01  SCV  
  17  1:13  SCV  
  18  1:25  SCV  
  18  1:32  Reaper  
  21  2:03  Orbital Command  
  21  2:08  Command Center  
  20  2:17  Factory  
  20  2:20  Supply Depot  
  19  2:26  Marine  
  20  2:45  Bunker  
  20  2:49  Barracks  
  20  2:50  Marine  
  21  2:57  SCV  
  22  3:01  Factory Tech Lab  
  22  3:09  SCV  
  23  3:14  Marine  
  24  3:21  Orbital Command, SCV  
  25  3:27  Siege Tank  
  28  3:37  Barracks Tech Lab  
  28  3:40  Barracks  
  28  3:43  SCV  
  28  3:47  Refinery  
  29  3:55  SCV  
  31  3:57  SCV  
  31  3:58  Marine x2  
  33  4:05  Siege Tank  
  33  4:08  SCV  
  33  4:09  SCV  
  38  4:14  Supply Depot  
  38  4:20  SCV  
  38  4:21  SCV  
  40  4:25  Marine  
  40  4:26  Marine  
  40  4:27  Stimpack  
  42  4:45  Marine  
  42  4:46  Marine  
  42  4:47  Marine  
  45  4:54  Starport  
  45  5:00  Refinery  
  45  5:03  Marine x2, SCV x2  
  45  5:05  Marine  
  50  5:21  Marine  
  50  5:23  Marine, Barracks Reactor  
  50  5:25  SCV x2  
  50  5:26  Refinery  
  54  5:31  Engineering Bay  
  54  5:36  Supply Depot  
  54  5:57  Marine, SCV x2, Barracks Reactor, Medivac  
  54  6:02  Supply Depot  
  59  6:07  Terran Infantry Weapons Level 1, Supply Depot  
  59  6:09  Marine, SCV x2  
  62  6:16  Supply Depot  
  62  6:23  Marine, SCV x2  
  65  6:27  Marine  
  65  6:30  Supply Depot  
  66  6:33  Starport Reactor  
  66  6:35  SCV x2  
  68  6:47  Marine x4  
  68  6:48  SCV x2  
  68  6:49  Combat Shields  
  74  7:00  SCV x2  
  76  7:12  SCV  
  76  7:13  Marine x4  
  76  7:15  Marauder  
  83  7:17  Supply Depot  
  83  7:21  Supply Depot  
  83  7:27  Command Center, Medivac x2  
  87  7:30  Siege Tank  
  90  7:44  Engineering Bay  
  90  7:46  Armory  
  90  7:57  Barracks  
  90  8:02  Barracks x2  
  90  8:25  Liberator x2  
  90  8:40  Marine x4  
  90  8:41  Marauder, Siege Tank  
  101  9:12  Marine  
  101  9:13  Marine x4  
Tags
 
Composition
MMM Bio
Matchup
PvT
Add a new tag
Caveats
  • Supply blocks, unpowered buildings, or Contaminate may cause inaccurate times.
  • Supply counts are checked every 10 seconds.